 Dungeon Crawl Stone Soup version 0.27-a0-404-g4390dbc5be (webtiles) character file.

Game seed: 5119682747646636368

39 CurlyBrace the Caller (level 3, -1/16 HPs)
             Began as a Felid Summoner on Feb 22, 2021.
             Killed by divine providence
             ... invoked by an orc priest
              (17 damage)
             ... on level 5 of the Dungeon.
             The game lasted 00:10:29 (955 turns).

CurlyBrace the Caller (Felid Summoner)               Turns: 955, Time: 00:10:30

Health: -1/16      AC:  1    Str:  2 (5)  XL:     3   Next: 28%
Magic:  4/7        EV: 18    Int: 13 (16) God:
Gold:   58         SH:  0    Dex: 15 (16) Spells: 2/6 levels left
                                        Lives:  0   Deaths: 0

rFire    . . .     SeeInvis +     - Unarmed
rCold    . . .     Faith    .   (shield unavailable)
rNeg     . . .     Spirit   .   (armour unavailable)
rPois    .         Reflect  .   (helmet unavailable)
rElec    .         Harm     .   (cloak unavailable)
rCorr    .         Rampage  .   (gloves unavailable)
Will     .....                  (boots unavailable)
Stlth    +++.......             (no amulet)
HPRegen  0.05/turn              (no ring)
MPRegen  0.10/turn              (no ring)

@: hasted, very quick
A: very small, no armour, no weapons or thrown items, stealth, claws 1, fangs 3,
see invisible, speed 1, shaggy fur 1, sharp paws
a: no special abilities


You were on level 5 of the Dungeon.
You visited 1 branch of the dungeon, and saw 5 of its levels.

You collected 58 gold pieces.

Inventory:

Wands
 a - a wand of flame (11)
   (You found it on level 4 of the Dungeon)
Scrolls
 c - a scroll of immolation {unknown}
 t - 2 scrolls of teleportation
Potions
 b - a potion of brilliance
 h - a potion of haste


   Skills:
 * Level 1.8 Fighting
 - Level 3.0 Dodging
 - Level 3.0 Stealth
 * Level 1.7 Unarmed Combat
 - Level 2.0 Spellcasting
 - Level 4.0 Summonings


You had 2 spell levels left.
You knew the following spells:

 Your Spells              Type           Power        Failure   Level
a - Summon Small Mammal   Summ           44%          4%          1
b - Call Canine Familiar  Summ           11%          14%         3

Your spell library contained the following spells:

 Spells                   Type           Power        Failure   Level
 Call Imp                 Summ           11%          8%          2
 Summon Guardian Golem    Hex/Summ       6%           32%         3
 Summon Ice Beast         Ice/Summ       6%           73%         4
 Summon Lightning Spire   Summ/Air       6%           73%         4


Dungeon Overview and Level Annotations

Branches:
Dungeon (5/15)
 Temple: D:4-7

Altars:
Fedhas
Kikubaaqudgha
Trog

Annotations:
D:4 exclusions: howler monkey and orc


Innate Abilities, Weirdness & Mutations

You cannot wear armour.
You are incapable of wielding weapons or throwing items.
Your paws allow you to move quietly. (Stealth)
You have sharp claws.
You have razor-sharp teeth.
You have supernaturally acute eyesight. (SInv)
You cover ground quickly.
You are covered in fur. (AC +1)
Your sharp claws are effective at attacking unaware monsters.


Message History

Your hound bites the orc wizard.
The orc wizard hits your hound with a +0 dagger.
What are your orders? t - Meow!
Orders for allies: a - Attack new target. p - Attack previous target. r - Retreat! s - Stop attacking. g - Guard the area. f - Follow me.
Anything else - Cancel.
Gang up on whom?
Press: ? - help, Dir - move target, f/p - orc wizard
Aim: an orc wizard, wielding a +0 dagger and wearing a +0 robe (lightly wounded, slightly transparent, ally target) Attack!
Your hound barely misses the orc wizard.
The orc wizard casts a spell at you. The magic dart hits your hound!
Unknown command.
Okay, then.
You feel yourself speed up.
Your hound barely misses the orc wizard.
The orc wizard hits your hound but does no damage.
Your hound barely misses the orc wizard.
Your hound bites the orc priest.
The orc wizard hits your hound with a +0 dagger.
Your hound bites the orc wizard.
The orc priest closely misses your hound.
Your quokka disappears in a puff of smoke!
The orc priest shouts!
You see here a potion of haste.
h - a potion of haste
Found 16 gold pieces.
You see here a white potion.
It was a potion of degeneration.
There was something very wrong with that liquid.
You feel weakened.
You feel dopey.
You feel clumsy.
You see here 16 gold pieces.
You now have 58 gold pieces (gained 16).
The orc priest invokes the aid of Beogh against you.
Beogh smites you!
Ouch! That really hurt!
You die...

#............#.#.#
#................#####
#........o...#..<.....
#.....................
#............<..#.....
#...........##........
#.......!.[.....#.._..
#......h..............
####.@###.............
##.# ............. ...
....?........ #...# #.
........ #...#
.......# ..... ^......
..... ..##### ..≈≈≈..
.


You could see an orc priest and a friendly hound (summoned).

Vanquished Creatures
  2 adders
  An orc (D:3)
  A goblin (D:3)
  A hobgoblin (D:3)
  3 jackals (D:4)
  A kobold (D:3)
  A quokka (D:3)
  A bat (D:2)
  A frilled lizard (D:3)
  A leopard gecko skeleton (D:5)
  A rat (D:3)
14 creatures vanquished.

Vanquished Creatures (collateral kills)
  An adder (D:4)
  An adder skeleton (D:3)
  A leopard gecko (D:4)
  An orc (D:5)
  A ball python (D:3)
  A goblin (D:3)
  A quokka (D:2)
7 creatures vanquished.

Grand Total: 21 creatures vanquished

Notes
Turn   | Place    | Note
-------+----------+-------------------------------------------
     0 | D:1      | CurlyBrace the Felid Summoner began the quest for the Orb.
     0 | D:1      | Reached XP level 1. HP: 7/7 MP: 4/4
   285 | D:3      | Reached XP level 2. HP: 6/12 MP: 1/6
   361 | D:5      | Entered Level 5 of the Dungeon
   414 | D:4      | Noticed a howler monkey
   442 | D:4      | Reached skill level 1 in Fighting
   442 | D:4      | Reached skill level 1 in Unarmed Combat
   700 | D:5      | Found a bloodstained altar of Trog.
   787 | D:4      | Reached XP level 3. HP: 15/15 MP: 1/7
   862 | D:5      | Found a blossoming altar of Fedhas.
   864 | D:5      | Found an ancient bone altar of Kikubaaqudgha.
   907 | D:5      | Learned a level 3 spell: Call Canine Familiar
   955 | D:5      | Killed from afar by an orc priest

Illustrated notes

Levels and vault maps discovered:
D:1:      kilobyte_arrival_exit_the_forest, layout_rooms
D:2:      layout_basic, overflow_temple_1_default
D:3:      layout_loops_ring, kennysheep_jessica_study
D:4:      layout_loops_cross
D:5:      layout_basic, grunt_temple_overflow_growth_and_decay,
          old_standard_altar, eat_drink_and_be_merry_uskayaw, tgw_sif,
          basic_altar

Skill      XL: |  1  2 |
---------------+-------+-----
Stealth        | 3 |  3.0
Fighting       | 1 |  1.8
Dodging        | 3 |  3.0
Unarmed Combat | 1 |  1.7
Spellcasting   | |  2.0
Summonings     | |  4.0

Action                   || total
-------------------------++-------
Melee: Unarmed           ||    45
       Bite              ||     2
 Cast: Summon Small Mamm ||    35
       Call Canine Famil ||     1
  Use: Scroll            ||     5
       Potion            ||     7
 Stab: Sleeping          ||     5
       Distracted        ||     1
Armor: Skin              ||     3
Dodge: Dodged            ||    46

Table legend: (Time is in decaauts)
 A = Elapsed time spent in this place.
 B = Non-inter-level travel time spent in this place.
 C = Inter-level travel time spent in this place.
 D = Time resting spent in this place.
 E = Time spent auto-exploring this place.
 F = Levels seen in this place.
 G = Mean time per level.
                   A        B        C        D        E       F      G
               +--------+--------+--------+--------+--------+-----+--------+
         Total |    780 |    752 |     28 |      0 |      0 |   5 |  156.0 |
       Dungeon |    780 |    752 |     28 |      0 |      0 |   5 |  156.0 |
               +--------+--------+--------+--------+--------+-----+--------+

Top non-repeatable levels by time:
     D:4: 388 daAuts
     D:3: 179 daAuts
     D:5: 99 daAuts
     D:1: 81 daAuts
     D:2: 32 daAuts
